TOP OF THE 1ST |
Otsego Bulldogs batting - Pitching for Waba Ducks : RHP Miguel Guerrero
|
Pitching: RHP Miguel Guerrero
|
|
Batting: LHB Gino Canio
|
0-0: Swinging Strike 0-1: Swinging Strike 0-2: Ball 1-2: Foul Ball, location: 2F 1-2: TRIPLE (Flyball, 8RXD)
|
Batting: SHB Gilberto Guzmán
|
0-0: Ball 1-0: Ball 2-0: Ball 3-0: Called Strike 3-1: Foul Ball, location: 2F 3-2: Strikes out swinging
|
Batting: RHB Vic Langlois
|
0-0: Ground out 5-3 (Groundball, 56S) Gino Canio scores
|
Batting: RHB Cristo García
|
0-0: Called Strike 0-1: Ball 1-1: Called Strike 1-2: Strikes out looking
|
Top of the 1st over - 1 run(s), 1 hit(s), 0 error(s), 0 left on base; Otsego 1 - Waba 0 |
BOTTOM OF THE 1ST |
Waba Ducks batting - Pitching for Otsego Bulldogs : RHP Juan Moreno
|
Pitching: RHP Juan Moreno
|
|
Batting: RHB Don Keating
|
0-0: Ball 1-0: Ball 2-0: Ball 3-0: Base on Balls
|
Batting: LHB Javier Orozco
|
0-0: Called Strike Don Keating steals 2nd base 0-1: Called Strike 0-2: Ball 1-2: Ball 2-2: Ball 3-2: Base on Balls
|
Batting: RHB Chris Osborn
|
0-0: Foul Ball, location: 2F 0-1: Foul Ball, location: 2F 0-2: Ball 1-2: Ground out 3-1 (Groundball, 34S) Don Keating to third Javier Orozco to second
|
Batting: LHB José Berroa
|
0-0: Fly out, F9 (Flyball, 89XD) Runner from 3rd tags up, SCORES, no throw Javier Orozco to third
|
Batting: RHB Ed Small
|
0-0: Ball 1-0: Called Strike 1-1: Ball 2-1: Called Strike 2-2: Foul Ball, location: 2F 2-2: Ball 3-2: Foul Ball, location: 2F 3-2: Foul Ball, location: 2F 3-2: Foul Ball, location: 2F 3-2: Base on Balls
|
Batting: RHB Pepe Medrano
|
0-0: Ball 1-0: Ball 2-0: Ball 3-0: Base on Balls Ed Small to second
|
Batting: RHB Tokuhei Kobayashi
|
0-0: Ball 1-0: Fly out, F7 (Flyball, 7LSF)
|
Bottom of the 1st over - 1 run(s), 0 hit(s), 0 error(s), 3 left on base; Otsego 1 - Waba 1 |
TOP OF THE 2ND |
Otsego Bulldogs batting - Pitching for Waba Ducks : RHP Miguel Guerrero
|
Batting: RHB Raúl Bauza
|
0-0: Ball 1-0: Ball 2-0: Foul Ball, location: 2F 2-1: Ball 3-1: Swinging Strike 3-2: Base on Balls
|
Batting: RHB Felipe Rego
|
0-0: Called Strike 0-1: Swinging Strike 0-2: Strikes out swinging
|
Batting: RHB Juan Pérez
|
0-0: Called Strike 0-1: Called Strike 0-2: Ball 1-2: Fly out, F7 (Flyball, 78XD)
|
Batting: RHB José Martínez
|
0-0: Called Strike 0-1: Ball 1-1: Ball 2-1: Foul Ball, location: 2F 2-2: Ball 3-2: Base on Balls Raúl Bauza to second
|
Batting: RHB Ryosei Yamamoto
|
0-0: Ball 1-0: Called Strike 1-1: Ball 2-1: Ball 3-1: Base on Balls Raúl Bauza to third José Martínez to second
|
Batting: LHB Gino Canio
|
0-0: Called Strike 0-1: Foul Ball, location: 2F 0-2: Strikes out swinging
|
Top of the 2nd over - 0 run(s), 0 hit(s), 0 error(s), 3 left on base; Otsego 1 - Waba 1 |
BOTTOM OF THE 2ND |
Waba Ducks batting - Pitching for Otsego Bulldogs : RHP Juan Moreno
|
Batting: SHB Cisco Álvarez
|
0-0: Ball 1-0: Ball 2-0: Called Strike 2-1: Foul Ball, location: 2F 2-2: Foul Ball, location: 2F 2-2: Ball 3-2: SINGLE (Groundball, 34D)
|
Batting: RHB Alberto Sandoval
|
0-0: Swinging Strike 0-1: Foul Ball, location: 2F 0-2: Strikes out looking
|
Batting: RHB Don Keating
|
0-0: Ball 1-0: Swinging Strike 1-1: Ball 2-1: Ball 3-1: Base on Balls Cisco Álvarez to second
|
Batting: LHB Javier Orozco
|
0-0: Called Strike 0-1: Ball 1-1: Ball 2-1: Swinging Strike 2-2: Strikes out swinging
|
Batting: RHB Chris Osborn
|
0-0: Called Strike 0-1: Swinging Strike 0-2: Strikes out swinging
|
Bottom of the 2nd over - 0 run(s), 1 hit(s), 0 error(s), 2 left on base; Otsego 1 - Waba 1 |
TOP OF THE 3RD |
Otsego Bulldogs batting - Pitching for Waba Ducks : RHP Miguel Guerrero
|
Batting: SHB Gilberto Guzmán
|
0-0: Ball 1-0: Ball 2-0: Ball 3-0: Base on Balls
|
Batting: RHB Vic Langlois
|
0-0: Ball 1-0: Called Strike 1-1: Swinging Strike 1-2: Ball 2-2: SINGLE (Line Drive, 8LS) Gilberto Guzmán to second
|
Batting: RHB Cristo García
|
0-0: Foul Ball, location: 2F 0-1: Ball 1-1: Fly out, F9 (Flyball, 89S)
|
Batting: RHB Raúl Bauza
|
0-0: Ball 1-0: Swinging Strike 1-1: Ball 2-1: Foul Ball, location: 2F 2-2: SINGLE (Line Drive, 56) Gilberto Guzmán to third Vic Langlois to second Runner from 3rd tries for Home, throw and OUT! Vic Langlois to third Raúl Bauza to second
|
Batting: RHB Felipe Rego
|
0-0: Ball 1-0: Ball 2-0: 3-RUN HOME RUN (Flyball, 7D), Distance : 369 ft
|
Batting: RHB Juan Pérez
|
0-0: Fly out, F6 (Popup, 6D)
|
Top of the 3rd over - 3 run(s), 3 hit(s), 0 error(s), 0 left on base; Otsego 4 - Waba 1 |
BOTTOM OF THE 3RD |
Waba Ducks batting - Pitching for Otsego Bulldogs : RHP Juan Moreno
|
Batting: LHB José Berroa
|
0-0: Called Strike 0-1: Ball 1-1: Foul Ball, location: 2F 1-2: Strikes out swinging
|
Batting: RHB Ed Small
|
0-0: Ball 1-0: Foul Ball, location: 2F 1-1: Ball 2-1: Called Strike 2-2: Fly out, F8 (Popup, 4D)
|
Batting: RHB Pepe Medrano
|
0-0: Called Strike 0-1: Ball 1-1: Ground out 5-3 (Groundball, 56)
|
Bottom of the 3rd over - 0 run(s), 0 hit(s), 0 error(s), 0 left on base; Otsego 4 - Waba 1 |
TOP OF THE 4TH |
Otsego Bulldogs batting - Pitching for Waba Ducks : RHP Miguel Guerrero
|
Batting: RHB José Martínez
|
0-0: Ball 1-0: Fly out, F7 (Line Drive, 7S)
|
Batting: RHB Ryosei Yamamoto
|
0-0: Called Strike 0-1: Ground out 6-3 (Groundball, 6)
|
Batting: LHB Gino Canio
|
0-0: Fly out, F9 (Flyball, 89S)
|
Top of the 4th over - 0 run(s), 0 hit(s), 0 error(s), 0 left on base; Otsego 4 - Waba 1 |
BOTTOM OF THE 4TH |
Waba Ducks batting - Pitching for Otsego Bulldogs : RHP Juan Moreno
|
Batting: RHB Tokuhei Kobayashi
|
0-0: Ball 1-0: Bunt for hit - play at first, batter safe!
|
Batting: SHB Cisco Álvarez
|
0-0: Ball 1-0: Ball 2-0: Ball 3-0: Called Strike 3-1: Base on Balls Tokuhei Kobayashi to second
|
Batting: RHB Alberto Sandoval
|
0-0: Ball 1-0: Ball 2-0: Called Strike 2-1: Ball 3-1: Base on Balls Tokuhei Kobayashi to third Cisco Álvarez to second
|
Batting: RHB Don Keating
|
0-0: Ball 1-0: Called Strike 1-1: Ball 2-1: Foul Ball, location: 2F 2-2: Ball 3-2: Fly out, F5 (Line Drive, 5S)
|
Pitching: LHP Esteban Santos
|
|
Batting: LHB Javier Orozco
|
0-0: Ball 1-0: Called Strike 1-1: Ball 2-1: Ball 3-1: Foul Ball, location: 2F 3-2: Foul Ball, location: 2F 3-2: Strikes out swinging
|
Batting: RHB Chris Osborn
|
0-0: Swinging Strike 0-1: Ball 1-1: Foul Ball, location: 2F 1-2: Ball 2-2: Ball 3-2: Fly out, F7 (Flyball, 7M)
|
Bottom of the 4th over - 0 run(s), 1 hit(s), 0 error(s), 3 left on base; Otsego 4 - Waba 1 |
TOP OF THE 5TH |
Otsego Bulldogs batting - Pitching for Waba Ducks : RHP Miguel Guerrero
|
Batting: SHB Gilberto Guzmán
|
0-0: Called Strike 0-1: Foul Ball, location: 2F 0-2: Ball 1-2: Ball 2-2: Strikes out swinging
|
Batting: RHB Vic Langlois
|
0-0: Ground out 4-3 (Groundball, 4)
|
Batting: RHB Cristo García
|
0-0: Called Strike 0-1: Ball 1-1: Foul Ball, location: 2F 1-2: Foul Ball, location: 2F 1-2: SINGLE (Flyball, 8LS)
|
Batting: RHB Raúl Bauza
|
0-0: Fielders Choice at 2nd, U6 (Groundball, 6M)
|
Top of the 5th over - 0 run(s), 1 hit(s), 0 error(s), 1 left on base; Otsego 4 - Waba 1 |
BOTTOM OF THE 5TH |
Waba Ducks batting - Pitching for Otsego Bulldogs : LHP Esteban Santos
|
Batting: LHB José Berroa
|
0-0: Ball 1-0: Swinging Strike 1-1: Foul Ball, location: 2F 1-2: Foul Ball, location: 2F 1-2: Ball 2-2: Ball 3-2: Fly out, F7 (Flyball, 7LM)
|
Batting: RHB Ed Small
|
0-0: Ball 1-0: Called Strike 1-1: Called Strike 1-2: Foul Ball, location: 2F 1-2: Ball 2-2: Foul Ball, location: 2F 2-2: Ball 3-2: Base on Balls
|
Batting: RHB Pepe Medrano
|
0-0: Ball 1-0: Ball 2-0: Foul Ball, location: 2F 2-1: Called Strike 2-2: Ground out 4-3 (Groundball, 13) Ed Small to second
|
Batting: RHB Tokuhei Kobayashi
|
0-0: Called Strike 0-1: Called Strike 0-2: Strikes out looking
|
Bottom of the 5th over - 0 run(s), 0 hit(s), 0 error(s), 1 left on base; Otsego 4 - Waba 1 |
TOP OF THE 6TH |
Otsego Bulldogs batting - Pitching for Waba Ducks : RHP Miguel Guerrero
|
Pitching: RHP Sergio Torres
|
|
Batting: RHB Felipe Rego
|
0-0: Ball 1-0: Called Strike 1-1: Ball 2-1: Called Strike 2-2: Strikes out swinging
|
Batting: RHB Juan Pérez
|
0-0: Called Strike 0-1: Ball 1-1: Swinging Strike 1-2: Strikes out swinging
|
Batting: RHB José Martínez
|
0-0: Called Strike 0-1: Ground out 5-3 (Groundball, 56)
|
Top of the 6th over - 0 run(s), 0 hit(s), 0 error(s), 0 left on base; Otsego 4 - Waba 1 |
BOTTOM OF THE 6TH |
Waba Ducks batting - Pitching for Otsego Bulldogs : LHP Esteban Santos
|
Batting: SHB Cisco Álvarez
|
0-0: Swinging Strike 0-1: Foul Ball, location: 2F 0-2: Fly out, F9 (Popup, 9S)
|
Batting: RHB Alberto Sandoval
|
0-0: Ground out 6-3 (Groundball, 6)
|
Batting: RHB Don Keating
|
0-0: Called Strike 0-1: Called Strike 0-2: Strikes out looking
|
Bottom of the 6th over - 0 run(s), 0 hit(s), 0 error(s), 0 left on base; Otsego 4 - Waba 1 |
TOP OF THE 7TH |
Otsego Bulldogs batting - Pitching for Waba Ducks : RHP Sergio Torres
|
Batting: RHB Ryosei Yamamoto
|
0-0: SINGLE (Line Drive, 8LS)
|
Batting: LHB Gino Canio
|
0-0: Grounds into double play, 4-6-3 (Groundball, 34)
|
Batting: SHB Gilberto Guzmán
|
0-0: Called Strike 0-1: Called Strike 0-2: Ball 1-2: Ball 2-2: Ball 3-2: Fly out, F5 (Popup, 5SF)
|
Top of the 7th over - 0 run(s), 1 hit(s), 0 error(s), 0 left on base; Otsego 4 - Waba 1 |
BOTTOM OF THE 7TH |
Waba Ducks batting - Pitching for Otsego Bulldogs : LHP Esteban Santos
|
Batting: LHB Javier Orozco
|
0-0: Ball 1-0: Ball 2-0: SINGLE (Groundball, 4MD)
|
Pitching: RHP Kenshin Kubota
|
|
Batting: RHB Chris Osborn
|
0-0: Ball 1-0: Called Strike 1-1: Called Strike 1-2: Ball 2-2: Ball 3-2: Strikes out swinging
|
Batting: LHB José Berroa
|
0-0: Called Strike 0-1: Foul Ball, location: 2F 0-2: Strikes out swinging Javier Orozco is caught stealing 2nd base Batter strikes out.
|
Bottom of the 7th over - 0 run(s), 1 hit(s), 0 error(s), 0 left on base; Otsego 4 - Waba 1 |
TOP OF THE 8TH |
Otsego Bulldogs batting - Pitching for Waba Ducks : RHP Sergio Torres
|
Pitching: RHP Martín Ortíz
|
|
Batting: RHB Vic Langlois
|
0-0: SOLO HOME RUN (Flyball, 7LD), Distance : 321 ft
|
Batting: RHB Cristo García
|
0-0: Called Strike 0-1: Ball 1-1: Reached on error, E6 (Groundball, 6)
|
Batting: RHB Raúl Bauza
|
0-0: Swinging Strike 0-1: Called Strike 0-2: Strikes out swinging
|
Batting: RHB Felipe Rego
|
0-0: Ball 1-0: Ball 2-0: Called Strike 2-1: Fly out, F9 (Flyball, 9D)
|
Batting: RHB Juan Pérez
|
0-0: Ball 1-0: Ball 2-0: Ball 3-0: Base on Balls Cristo García to second
|
Batting: RHB José Martínez
|
0-0: Called Strike 0-1: Ball 1-1: Ball 2-1: SINGLE (Line Drive, 34) Cristo García to third Juan Pérez to second Runner from 3rd tries for Home, SAFE, no throw or cutoff
|
Batting: RHB Ryosei Yamamoto
|
0-0: Called Strike 0-1: Ball 1-1: Fly out, F8 (Flyball, 8RS)
|
Top of the 8th over - 2 run(s), 2 hit(s), 1 error(s), 2 left on base; Otsego 6 - Waba 1 |
BOTTOM OF THE 8TH |
Waba Ducks batting - Pitching for Otsego Bulldogs : RHP Kenshin Kubota
|
Now in LF: Manny Domínguez
|
|
Batting: RHB Ed Small
|
0-0: Called Strike 0-1: Ball 1-1: Ball 2-1: Ball 3-1: Base on Balls
|
Batting: RHB Pepe Medrano
|
0-0: Swinging Strike 0-1: Ball 1-1: Foul Ball, location: 2F 1-2: Ball 2-2: Foul Ball, location: 2F 2-2: SINGLE (Flyball, 8RS) Ed Small to second Throwing error, E8 Ed Small scores Pepe Medrano to second
|
Batting: RHB Tokuhei Kobayashi
|
0-0: Called Strike 0-1: Ball 1-1: SINGLE (Line Drive, 8LS) Pepe Medrano to third
|
Pitching: RHP Artie Downing
|
|
Batting: SHB Cisco Álvarez
|
0-0: Ball 1-0: Called Strike 1-1: Ball 2-1: Foul Ball, location: 2F 2-2: Strikes out looking
|
Batting: RHB Alberto Sandoval
|
0-0: Foul Ball, location: 2F 0-1: Ball 1-1: Swinging Strike 1-2: Foul Ball, location: 2F 1-2: Strikes out swinging
|
Batting: RHB Don Keating
|
0-0: Foul Ball, location: 2F 0-1: Ball 1-1: Foul Ball, location: 2F 1-2: Ball 2-2: Ball 3-2: Strikes out looking
|
Bottom of the 8th over - 1 run(s), 2 hit(s), 1 error(s), 2 left on base; Otsego 6 - Waba 2 |
TOP OF THE 9TH |
Otsego Bulldogs batting - Pitching for Waba Ducks : RHP Martín Ortíz
|
Batting: LHB Gino Canio
|
0-0: Called Strike 0-1: Called Strike 0-2: Ball 1-2: Strikes out looking
|
Batting: SHB Gilberto Guzmán
|
0-0: Ball 1-0: Fly out, F7 (Flyball, 7LMF)
|
Batting: RHB Vic Langlois
|
0-0: Called Strike 0-1: Ball 1-1: Foul Ball, location: 2F 1-2: Ground out 6-3 (Groundball, 6)
|
Top of the 9th over - 0 run(s), 0 hit(s), 0 error(s), 0 left on base; Otsego 6 - Waba 2 |
BOTTOM OF THE 9TH |
Waba Ducks batting - Pitching for Otsego Bulldogs : RHP Artie Downing
|
Batting: LHB Javier Orozco
|
0-0: Ground out U3 (Groundball, 3S)
|
Batting: RHB Chris Osborn
|
0-0: Called Strike 0-1: Called Strike 0-2: Strikes out swinging
|
Batting: LHB José Berroa
|
0-0: Ball 1-0: Ball 2-0: Called Strike 2-1: Called Strike 2-2: Ball 3-2: Fly out, F7 (Flyball, 78M)
|
Bottom of the 9th over - 0 run(s), 0 hit(s), 0 error(s), 0 left on base; Otsego 6 - Waba 2 |
|